 Dungeon Sprint DCSS version 0.29-a0-925-g0a7a3d12f8 (webtiles) character file.

Game seed: 13894754007817803030

721 Hipnos the Carver (level 7, -1/64 HPs)
             Began as a Gnoll Chaos Knight on July 29, 2022.
             Was a Plaything of Xom.
             Slain by a quasit (2 damage)
             ... summoned by Xom
             ... in the Dungeon (Sprint II: "The Violet Keep of Menkaure").
             The game lasted 00:01:59 (825 turns).

Hipnos the Carver (Gnoll Chaos Knight)               Turns: 825, Time: 00:02:00

Health: -1/64      AC:  6    Str: 12    XL:     7   Next: 71%
Magic:  14/16      EV:  2    Int: 13    God:    Xom [*.....]
Gold:   486        SH:  0    Dex: -2 (11) Spells: 18/18 levels left

rFire   . . .      SeeInvis .   a - +0 falchion (chaos)
rCold   . . .      Faith    .   (no shield)
rNeg    . . .      Spirit   .   b - +2 leather armour
rPois   .          Reflect  .   (no helmet)
rElec   .          Harm     .   (no cloak)
rCorr   .          Rampage  .   (no gloves)
Will    .....      NoTele   +   (no boots)
Stlth   ..........              (no amulet)
HPRegen 0.20/turn               (no ring)
MPRegen 0.15/turn               (no ring)

@: slowed, lost dexterity, very slow
A: fangs 1, strong nose, distributed training, screaming 1
a: Renounce Religion


You were in the Dungeon.
You worshipped Xom.
You were a special plaything of Xom.
You visited 1 branch You collected 486 gold pieces.

Inventory:

Hand Weapons
 a - a +0 falchion of chaos (weapon)
Armour
 b - a +2 leather armour (worn)
Scrolls
 i - a scroll of blinking
Potions
 f - a potion of haste
 g - 2 potions of magic
Miscellaneous
 c - a piece from Xom's chessboard (15/15) (quivered)


   Skills:
 + Level 9.0 Fighting
 + Level 6.0 Short Blades
 + Level 9.0 Long Blades
 + Level 6.0 Axes
 + Level 6.0 Maces & Flails
 + Level 6.0 Polearms
 + Level 6.0 Staves
 + Level 6.0 Ranged Weapons
 + Level 6.0 Throwing
 + Level 7.6 Armour
 + Level 6.6 Dodging
 + Level 6.0 Stealth
 + Level 6.0 Shields
 + Level 6.0 Unarmed Combat
 + Level 6.0 Spellcasting
 + Level 5.0 Conjurations
 + Level 5.0 Hexes
 + Level 5.0 Summonings
 + Level 5.0 Necromancy
 + Level 5.0 Translocations
 + Level 5.0 Transmutations
 + Level 5.0 Fire Magic
 + Level 5.0 Ice Magic
 + Level 5.0 Air Magic
 + Level 5.0 Earth Magic
 + Level 5.0 Poison Magic
 + Level 6.6 Invocations
 + Level 6.0 Evocations


You had 18 spell levels left.
You didn't know any spells.
Your spell library was empty.

Dungeon Overview and Level Annotations

Branches:
Dungeon (1/1)

Altars:


Innate Abilities, Weirdness & Mutations

You have very sharp teeth.
Your uncanny sense of smell can sniff out nearby items.
Your experience applies equally to all skills.
You occasionally shout uncontrollably at your foes.


Message History

The quasit claws you.
* * * LOW HITPOINT WARNING * * *
You can move again.
The quasit degenerates into a cloud of primal chaos!
The quasit bites you but does no damage.
The quasit claws you but does no damage. x2
There is a staircase leading out of the dungeon here.
The quasit bites you but does no damage.
The quasit claws you.
* * * LOW HITPOINT WARNING * * *
The quasit claws you but does no damage.
You feel better. The quasit bites you.
* * * LOW HITPOINT WARNING * * *
The quasit claws you but does no damage. x2
The quasit barely misses you. x3; The crimson imp blinks!
You hit the crimson imp but do no damage.
Your bite misses the crimson imp.
The quasit bites you but does no damage.
The quasit claws you but does no damage. x2
The crimson imp hits you but does no damage.
The quasit bites you.
* * * LOW HITPOINT WARNING * * *
You feel clumsy. The quasit claws you.
* * * LOW HITPOINT WARNING * * *
The quasit claws you.
* * * LOW HITPOINT WARNING * * *
You feel clumsy.
Unknown command.
You hit the crimson imp. Your bite misses the crimson imp.
The crimson imp is lightly wounded.
The crimson imp hits you but does no damage.
The quasit bites you but does no damage.
The quasit claws you but does no damage. x2
The crimson imp hits you but does no damage.
Unknown command.
You hit the crimson imp but do no damage.
The quasit bites you but does no damage.
The quasit claws you.
You die...

h∆ 9k S##+##
*∆h kk
≈##...##,* x
#..#..# ∆x
≈####..)##*
#.###'##*n *
D h
###.##.##n,,*
h +.##'.5.+
*∆ #...##@##n
, ##.###5#* n
* l ### .$. l
∆F ≈ .##..* P
F∆ * ## *###
≈ E ∆ F * S ∆


d You could see a quasit (summoned) and a crimson imp (summoned).

Vanquished Creatures
  A merfolk siren (D)
  3 neqoxecs (D)
  3 worms (D)
7 creatures vanquished.

Vanquished Creatures (others)
  Menkaure (D)
  A water moccasin (D)
2 creatures vanquished.

Grand Total: 9 creatures vanquished

Notes
Turn   | Place    | Note
-------+----------+-------------------------------------------
     0 | D        | Hipnos the Gnoll Chaos Knight began the quest for the Orb.
     0 | D        | Reached XP level 1. HP: 23/23 MP: 1/1
    19 | D        | Killed Menkaure
    47 | D        | XOM: divination: magic mapping
    63 | D        | Reached skill level 1 in Short Blades
    63 | D        | Reached skill level 1 in Axes
    63 | D        | Reached skill level 1 in Maces & Flails
    63 | D        | Reached skill level 1 in Polearms
    63 | D        | Reached skill level 1 in Staves
    63 | D        | Reached skill level 1 in Ranged Weapons
    63 | D        | Reached skill level 1 in Throwing
    63 | D        | Reached skill level 1 in Stealth
    63 | D        | Reached skill level 1 in Shields
    63 | D        | Reached skill level 1 in Unarmed Combat
    63 | D        | Reached skill level 1 in Spellcasting
    63 | D        | Reached skill level 1 in Invocations
    63 | D        | Reached skill level 1 in Evocations
    63 | D        | Reached XP level 2. HP: 14/29 MP: 1/3
    67 | D        | Reached skill level 1 in Conjurations
    67 | D        | Reached skill level 1 in Hexes
    67 | D        | Reached skill level 1 in Summonings
    67 | D        | Reached skill level 1 in Necromancy
    67 | D        | Reached skill level 1 in Translocations
    67 | D        | Reached skill level 1 in Transmutations
    67 | D        | Reached skill level 1 in Fire Magic
    67 | D        | Reached skill level 1 in Ice Magic
    67 | D        | Reached skill level 1 in Air Magic
    67 | D        | Reached skill level 1 in Earth Magic
    67 | D        | Reached skill level 1 in Poison Magic
    67 | D        | XOM: silly message
   560 | D        | XOM: divination: detect creatures
   669 | D        | Killed a water moccasin
   725 | D        | XOM: noise
   727 | D        | Noticed a merfolk siren
   729 | D        | Noticed a neqoxec
   730 | D        | Noticed a neqoxec
   730 | D        | XOM: potion effect (haste)
   731 | D        | Noticed a neqoxec
   734 | D        | Gained mutation: You occasionally shout uncontrollably at
                  | your foes. [a neqoxec]
   738 | D        | Killed a merfolk siren
   739 | D        | Reached skill level 5 in Dodging
   739 | D        | Reached skill level 5 in Invocations
   739 | D        | Reached XP level 3. HP: 37/37 MP: 3/9
   739 | D        | Reached XP level 4. HP: 44/44 MP: 3/10
   739 | D        | Reached XP level 5. HP: 49/49 MP: 3/12
   739 | D        | Reached XP level 6. HP: 56/56 MP: 3/13
   752 | D        | Killed a neqoxec
   753 | D        | Reached skill level 5 in Short Blades
   753 | D        | Reached skill level 5 in Axes
   753 | D        | Reached skill level 5 in Maces & Flails
   753 | D        | Reached skill level 5 in Polearms
   753 | D        | Reached skill level 5 in Staves
   753 | D        | Reached skill level 5 in Ranged Weapons
   753 | D        | Reached skill level 5 in Throwing
   753 | D        | Reached skill level 5 in Stealth
   753 | D        | Reached skill level 5 in Shields
   753 | D        | Reached skill level 5 in Unarmed Combat
   753 | D        | Reached skill level 5 in Spellcasting
   753 | D        | Reached skill level 5 in Evocations
   753 | D        | Reached XP level 7. HP: 63/63 MP: 4/14
   755 | D        | XOM: swap monsters
   756 | D        | Killed a neqoxec
   766 | D        | Killed a neqoxec
   767 | D        | Reached skill level 5 in Conjurations
   767 | D        | Reached skill level 5 in Hexes
   767 | D        | Reached skill level 5 in Summonings
   767 | D        | Reached skill level 5 in Necromancy
   767 | D        | Reached skill level 5 in Translocations
   767 | D        | Reached skill level 5 in Transmutations
   767 | D        | Reached skill level 5 in Fire Magic
   767 | D        | Reached skill level 5 in Ice Magic
   767 | D        | Reached skill level 5 in Air Magic
   767 | D        | Reached skill level 5 in Earth Magic
   767 | D        | Reached skill level 5 in Poison Magic
   786 | D        | XOM: summons 4 hostile demons
   817 | D        | Lost dexterity.
   819 | D        | HP: 3/64 [quasit[Xom] (2)]
   823 | D        | HP: 1/64 [quasit[Xom] (1)]
   825 | D        | Slain by a quasit

Illustrated notes

Levels and vault maps discovered:
D:        the_violet_keep_of_menkaure [sprint2_stairs_cluster_1,
          sprint2_shoproom, sprint2_temple, sprint2_basic_supplies,
          sprint2_obstacle_6, sprint2_obstacle_3, sprint2_obstacle_5,
          sprint2_obstacle_2, sprint2_obstacle_4, sprint2_timed_cluster_1,
          sprint2_smallroom_cluster_1, sprint2_smallroom_final_cluster_1,
          sprint2_transparent_cluster_1, sprint2_second_timed_cluster_1,
          sprint2_sniper_area_1, sprint2_heavy_combat_area_1,
          sprint2_mutation_trap_area_1, sprint2_forest_area_1,
          sprint2_light_combat_area_1, sprint2_behind_water_1,
          sprint2_near_end_vault_1]

Skill      XL: |  1  2  3  4  5  6  7 |
---------------+----------------------+-----
Short Blades   | 1 4 5 6 |  6.0
Axes           | 1 4 5 6 |  6.0
Maces & Flails | 1 4 5 6 |  6.0
Polearms       | 1 4 5 6 |  6.0
Staves         | 1 4 5 6 |  6.0
Ranged Weapons | 1 4 5 6 |  6.0
Throwing       | 1 4 5 6 |  6.0
Stealth        | 1 4 5 6 |  6.0
Shields        | 1 4 5 6 |  6.0
Unarmed Combat | 1 4 5 6 |  6.0
Spellcasting   | 1 4 5 6 |  6.0
Invocations    | 1 5 6 |  6.6
Evocations     | 1 4 5 6 |  6.0
Conjurations   | 4 5 |  5.0
Hexes          | 4 5 |  5.0
Summonings     | 4 5 |  5.0
Necromancy     | 4 5 |  5.0
Translocations | 4 5 |  5.0
Transmutations | 4 5 |  5.0
Fire Magic     | 4 5 |  5.0
Ice Magic      | 4 5 |  5.0
Air Magic      | 4 5 |  5.0
Earth Magic    | 4 5 |  5.0
Poison Magic   | 4 5 |  5.0
Fighting       | 8 9 |  9.0
Long Blades    | 8 9 |  9.0
Armour         | 6 7 |  7.6
Dodging        | 5 6 |  6.6

Action                   |  1- 3 |  4- 6 |  7- 9 || total
-------------------------+-------+-------+-------++-------
Melee: Falchion          |    25 |    13 |    42 ||    80
       Bite              |     2 |     1 |     5 ||     8
       Punch             |       |       |     4 ||     4
  Use: Potion            |     1 |     1 |     1 ||     3
 Stab: Confused          |       |       |     2 ||     2
Armor: Leather armour    |     1 |       |   111 ||   112
Dodge: Dodged            |     5 |     6 |   101 ||   112

Table legend: (Time is in decaauts)
 A = Elapsed time spent in this place.
 B = Non-inter-level travel time spent in this place.
 C = Inter-level travel time spent in this place.
 D = Time resting spent in this place.
 E = Time spent auto-exploring this place.
 F = Levels seen in this place.
 G = Mean time per level.
                   A        B        C        D        E       F      G
               +--------+--------+--------+--------+--------+-----+--------+
         Total |    812 |    812 |      0 |    710 |      0 |   1 |  812.0 |
       Dungeon |    812 |    812 |      0 |    710 |      0 |   1 |  812.0 |
               +--------+--------+--------+--------+--------+-----+--------+

Top non-repeatable levels by time:
       D: 812 daAuts
